 Dungeon Crawl Stone Soup version 0.17-a0-1951-g62301d3 (webtiles) character file.

4573 Ordine the Cruncher (level 10, 0/74 HPs)
             Began as a Minotaur Gladiator on Oct 3, 2015.
             Was an Elder of Okawaru.
             Slain by a spiny frog (14 damage)
             ... on level 1 of the Lair of Beasts.
             The game lasted 00:20:21 (7413 turns).

Ordine the Cruncher (Minotaur Gladiator)            Turns: 7413, Time: 00:20:22

Health: 0/74       AC: 15    Str: 19    XL:     10   Next: 18%
Magic:  9/9        EV: 14    Int:  5    God:    Okawaru [****..]
Gold:   375        SH:  0    Dex: 19    Spells: 0 memorised, 9 levels left

rFire  . . .     SeeInvis .     a - +1 quarterstaff
rCold  . . .     Clarity  .     u - +0 plate armour
rNeg   . . .     SustAt   .     (no shield)
rPois  .         Gourm    .     c - +0 hat
rElec  +         Spirit   .     (no cloak)
rCorr  .         Warding  .     B - +0 pair of gloves
rMut   .         Stasis   .     (no boots)
MR     .....                    y - amulet of rage
Stlth  ..........               t - +4 ring of dexterity
                                v - +3 ring of evasion

@: not resistant to hostile enchantments, extremely unstealthy
A: retaliatory headbutt, horns 2, screaming 1, electricity resistance
a: Heroism, Renounce Religion, Evoke Berserk Rage


You were on level 1 of the Lair of Beasts.
You worshipped Okawaru.
Okawaru was greatly pleased with you.
You were not hungry.

You visited 3 branches of the dungeon, and saw 10 of its levels.

You collected 375 gold pieces.

Inventory:

Hand weapons
 a - a +1 quarterstaff (weapon)
Armour
 c - a +0 hat (worn)
 u - a +0 plate armour (worn)
 B - a +0 pair of gloves (worn)
Jewellery
 n - an uncursed ring of protection from magic
 o - an uncursed ring of teleportation
 t - a +4 ring of dexterity (right hand)
 v - a +3 ring of evasion (left hand)
 y - an amulet of rage (around neck)
 H - an uncursed ring of protection from magic
Magical devices
 d - a wand of draining (4)
 q - a wand of flame (21)
 r - a wand of magic darts (34)
 s - a wand of cold (8)
 A - a wand of teleportation (4)
Scrolls
 i - 5 scrolls of teleportation
 k - a scroll of enchant weapon
 F - a scroll of fear
 G - a scroll of fog
Potions
 b - a potion of magic
 f - a potion of flight
 h - a potion of might
 j - 3 potions of resistance
 l - 2 potions of curing
 m - 2 potions of brilliance
 p - 2 potions of heal wounds
 w - a potion of agility
 x - 2 potions of lignification {unknown}
 E - 2 potions of haste {unknown}
Books
 D - a book of Maledictions

   Spells                             Type                      Level
   a - Corona                         Hexes                        1
   b - Ensorcelled Hibernation        Hexes/Ice                    2
   c - Confuse                        Hexes                        3
   d - Tukima's Dance                 Hexes                        3
   e - Dazzling Spray                 Conjuration/Hexes            3
 J - a book of Battle

   Spells                             Type                      Level
   a - Infusion                       Charms                       1
   b - Shroud of Golubria             Charms/Translocation         2
   c - Song of Slaying                Charms                       2
   d - Spectral Weapon                Hexes/Charms                 3
   e - Regeneration                   Charms/Necromancy            3
Comestibles
 e - 8 bread rations
 g - 3 meat rations
 z - 4 fruits
 C - a beef jerky
 I - 2 chunks of flesh


   Skills:
 - Level 2.4 Fighting
 * Level 12.7 Staves
 - Level 2.0 Throwing
 + Level 8.9 Armour
 + Level 8.8 Dodging


You had 9 spell levels left.
You didn't know any spells.

Dungeon Overview and Level Annotations

Branches:
Dungeon (8/15)             Temple (1/1) D:5            Lair (1/8) D:8

Altars:
Ashenzari
Cheibriados
Dithmenos
Elyvilon
Fedhas
Gozag
Kikubaaqudgha
Makhleb
Nemelex Xobeh
Okawaru
Qazlal
Ru
Sif Muna
Trog
Vehumet
Xom
Yredelemnul
Zin
The Shining One

Shops:
D:6 }


Innate Abilities, Weirdness & Mutations

You reflexively headbutt those who attack you in melee.
You have a pair of horns on your head.
You occasionally shout uncontrollably at your foes.
You are resistant to electric shocks.


Message History

The spiny frog poisons you!
You closely miss the spiny frog. You headbutt the spiny frog!
The spiny frog is moderately wounded.
You feel sick. The spiny frog stings you.
You sock the spiny frog!
You headbutt the spiny frog, but do no damage.
The spiny frog is moderately wounded.
You feel sick. The spiny frog stings you!!
You are lethally poisoned!
The spiny frog poisons you!
You hit the spiny frog but do no damage.
The spiny frog is moderately wounded.
* * * LOW HITPOINT WARNING * * *
You feel sick. The spiny frog stings you!
* * * LOW HITPOINT WARNING * * *
You are too injured to fight recklessly!
You are too injured to fight recklessly!
Drink which item? (? for menu, Esc to quit)
You feel better. The spiny frog stings you!
You die...

#............#
#............##
##.............#
#.............#
##............##
#............P#
+.......†....##
##............#
#......@.......#
######F+########
##. #


You could see a spiny frog.

Vanquished Creatures
  Erica (D:8)
  A komodo dragon (D:8)
  3 blink frogs (Lair:1)
  3 wolves (Lair:1)
  2 water moccasins
  3 sky beasts
  5 ogres
  A centaur (D:7)
  The ghost of Ordine the Twirler, an average MiGl (D:3)
  A crocodile (Lair:1)
  The ghost of godescalc the Sneak, an average OpIE (D:4)
  Blork the orc (D:6)
  A scorpion (D:6)
  2 giant frogs
  3 crimson imps
  4 orc priests
  A centaur zombie (D:6)
  4 hounds
  A giant frog skeleton (D:5)
  A jelly (D:8)
  8 orc wizards
  A worker ant (D:4)
  7 iguanas
  A hound skeleton (D:6)
  2 worker ant zombies
  9 adders
  A gnoll (D:4)
  17 river rats (Lair:1)
  2 shadow imps
  2 oozes
  5 worms
  17 orcs
  2 ball pythons
  4 bats
  8 giant cockroaches
  5 hobgoblins
  3 kobolds
  3 quokkas
  3 giant geckos
  A giant gecko zombie (D:6)
  5 giant newts
  9 goblins
  17 jackals
  A quokka zombie (D:5)
  6 rats
179 creatures vanquished.

Vanquished Creatures (others)
  2 fungi (Lair:1)
  A plant (D:8)
3 creatures vanquished.

Grand Total: 182 creatures vanquished

Notes
Turn   | Place    | Note
--------------------------------------------------------------
     0 | D:1      | Ordine the Minotaur Gladiator began the quest for the Orb.
     0 | D:1      | Reached XP level 1. HP: 18/18 MP: 0/0
   174 | D:1      | Reached skill level 4 in Staves
   407 | D:1      | Reached XP level 2. HP: 25/25 MP: 1/1
   666 | D:2      | Reached skill level 1 in Armour
   709 | D:2      | Found a sacrificial altar of Ru.
   786 | D:2      | Reached XP level 3. HP: 20/30 MP: 2/2
  1374 | D:3      | Reached skill level 5 in Staves
  1374 | D:3      | Reached XP level 4. HP: 32/37 MP: 3/3
  1404 | D:3      | Noticed Ordine's ghost (average MiGl)
  1419 | D:3      | Killed Ordine's ghost
  1419 | D:3      | Reached XP level 5. HP: 9/42 MP: 4/4
  2073 | D:4      | Reached skill level 6 in Staves
  2226 | D:4      | Reached XP level 6. HP: 48/50 MP: 5/5
  2314 | D:4      | Found a sparkling altar of Nemelex Xobeh.
  2538 | D:4      | Noticed godescalc's ghost (average OpIE)
  2539 | D:4      | Reached skill level 7 in Staves
  2539 | D:4      | Reached skill level 5 in Dodging
  2539 | D:4      | Reached XP level 7. HP: 26/56 MP: 6/6
  2552 | D:4      | Killed godescalc's ghost
  3153 | D:5      | Entered Level 5 of the Dungeon
  3185 | D:5      | Found a stormy altar of Qazlal.
  3731 | D:5      | Found a glowing golden altar of the Shining One.
  3788 | D:5      | Found an ancient bone altar of Kikubaaqudgha.
  3788 | D:5      | Found a white marble altar of Elyvilon.
  3844 | D:5      | Found a staircase to the Ecumenical Temple.
  3863 | Temple   | Entered the Ecumenical Temple
  4036 | Temple   | Became a worshipper of Warmaster Okawaru
  4179 | D:5      | Reached skill level 5 in Armour
  4183 | D:5      | Reached skill level 8 in Staves
  4533 | D:6      | Noticed Blork the orc
  4540 | D:6      | Killed Blork the orc
  4557 | D:6      | Found Cocyen's Gadget Boutique.
  4647 | D:6      | Acquired Okawaru's first power
  4647 | D:6      | Reached XP level 8. HP: 53/62 MP: 7/7
  4940 | D:6      | Reached skill level 9 in Staves
  5379 | D:7      | Found a deep blue altar of Sif Muna.
  5714 | D:7      | Reached skill level 10 in Staves
  5788 | D:7      | Found a shimmering altar of Xom.
  5858 | D:7      | Gained mutation: You are resistant to electric shocks. [mutagenic meat]
  5859 | D:7      | Gained mutation: You occasionally shout uncontrollably at your foes. [mutagenic meat]
  6076 | D:8      | Reached XP level 9. HP: 64/68 MP: 8/8
  6117 | D:8      | Noticed Erica
  6128 | D:8      | Killed Erica
  6128 | D:8      | Reached skill level 11 in Staves
  6321 | D:8      | Found a staircase to the Lair.
  6322 | D:8      | Noticed a komodo dragon
  6336 | D:8      | Killed a komodo dragon
  6655 | Lair:1   | Entered Level 1 of the Lair of Beasts
  6713 | Lair:1   | Reached skill level 12 in Staves
  7198 | Lair:1   | Reached XP level 10. HP: 50/74 MP: 9/9
  7409 | Lair:1   | Noticed a spiny frog
  7413 | Lair:1   | Slain by a spiny frog

Vault maps used:
D:1:      ncdulo_halloftheorcs
D:2:      nicolae_ru_great_annihilating_truth
D:4:      lemuel_coloured_pillars_altar, st_stairs_1, nrook_mini_backslash,
          minmay_unequal
D:5:      gammafunk_temple_overflow_wave, nicolae_tso_swordbearing_angel,
          nicolae_overflow_crystal_walls, temple_fountains, first_bread
D:6:      serial_shops, shop, kennysheep_generic_room_9, uniq_blork_the_orc
D:7:      overflow_temple_1_default, basic_altar
D:8:      david_lair_shrubbed, uniq_erica
Temple:   chambers_temple_12

Action                   |  1- 3 |  4- 6 |  7- 9 | 10-12 || total
-------------------------+-------+-------+-------+-------++-------
Melee: Quarterstaff      |    82 |   113 |   302 |    59 ||   556
Throw: Throwing net      |       |     6 |     3 |       ||     9
Invok: Heroism           |       |       |     1 |       ||     1
 Abil: Evoke Berserk Rag |       |       |     1 |       ||     1
  Use: Scroll            |     9 |     7 |     7 |       ||    23
       Potion            |       |       |       |     1 ||     1
 Stab: Paralysed         |     1 |       |       |       ||     1
       Held in net/web   |       |       |     2 |       ||     2
  Eat: Chunk             |     1 |     4 |    13 |     2 ||    20
       Bread ration      |       |       |     1 |       ||     1
